 Dungeon Crawl Stone Soup version 0.30-a0-728-gc68057be0a (webtiles) character file.

Game seed: 1399388470100699176

23429 retardedninja the Blocker (level 13, -3/104 HPs)
             Began as a Gnoll Fighter on Jan 30, 2023.
             Was an Initiate of Gozag.
             Slain by Snorg (16 damage)
             ... on level 11 of the Dungeon.
             The game lasted 00:30:36 (12759 turns).

retardedninja the Blocker (Gnoll Fighter)          Turns: 12759, Time: 00:30:37

Health: -3/104     AC: 29    Str: 19    XL:     13   Next: 6%
Magic:  25/25      EV:  7    Int:  9    God:    Gozag
Gold:   436        SH:  0    Dex:  9    Spells: 28/28 levels left

rFire   . . .      SeeInvis +    F - +2 war axe (chaos)
rCold   + + +      Faith    .    n - +0 kite shield
rNeg    . . .      Spirit   .    g - +2 plate armour {Will+}
rPois   +          Reflect  .    z - +1 helmet {SInv}
rElec   .          Harm     .    D - +1 cloak
rCorr   .          Rampage  .    w - +0 pair of gloves
Will    +....                    K - +1 pair of boots
Stlth   x                          - amulet of regeneration
HPRegen 1.97/turn                e - ring of the Leaf {Fly rPois rC+++ Dex-3 SInv}
MPRegen 0.19/turn                A - +4 ring of protection

@: confused, mighty, ambrosia-drunk, flying
A: fangs 1, strong nose, distributed training, regeneration 1, MP-powered wands
a: Renounce Religion, Potion Petition, Call Merchant, Bribe Branch


You were on level 11 of the Dungeon.
You worshipped Gozag.
Gozag was aware of your devotion.
You visited 2 branches of the dungeon, and saw 12 of its levels.
You also visited: Sewer.

You collected 2392 gold pieces.
You paid 1956 gold pieces to Gozag.

Inventory:

Hand Weapons
 o - the +5 woodcutter's axe
   (You found it on level 2 of the Dungeon)
 F - a +2 war axe of chaos (weapon)
Missiles
 b - a throwing net (quivered)
Armour
 g - a +2 plate armour of willpower (worn)
 n - a +0 kite shield (worn)
 w - a +0 pair of gloves (worn)
 z - a +1 helmet of see invisible (worn)
 D - a +1 cloak (worn)
 K - a +1 pair of boots (worn)
Jewellery
 c - a ring of protection from cold
 e - the ring of the Leaf (left hand) {Fly rPois rC+++ Dex-3 SInv}
   (You acquired it on level 3 of the Dungeon)

   [ring of flight]

   Dex:       It affects your dexterity (-3).
   rC:        It renders you almost immune to cold.
   rPois:     It protects you from poison.
   SInv:      It lets you see invisible.
   Fly:       It grants you flight.
 u - a +5 ring of evasion
 v - a ring of positive energy
 x - an amulet of regeneration (around neck)
 A - a +4 ring of protection (right hand)
 G - a ring of willpower
 H - a ring of fire
 M - a ring of positive energy
Wands
 d - a wand of flame (7)
 h - a wand of acid (5)
 i - a wand of digging (7)
 l - a wand of iceblast (10)
 t - a wand of mindburst (7)
 J - a wand of paralysis (10)
Scrolls
 f - 2 scrolls of vulnerability
 j - 3 scrolls of immolation
 k - 2 scrolls of amnesia
 m - a scroll of fear
 q - 10 scrolls of teleportation
 s - 4 scrolls of blinking
 y - a scroll of torment
 C - 2 scrolls of fog
 E - a scroll of silence
Potions
 a - 2 potions of lignification
 p - 6 potions of mutation
 r - 4 potions of ambrosia
 B - 2 potions of brilliance
 I - 2 potions of flight


   Skills:
 + Level 10.5 Fighting
 + Level 8.2 Short Blades
 + Level 8.2 Long Blades
 + Level 9.4 Axes
 + Level 8.2 Maces & Flails
 + Level 8.2 Polearms
 + Level 8.2 Staves
 + Level 8.2 Ranged Weapons
 + Level 8.2 Throwing
 + Level 10.5 Armour
 + Level 8.2 Dodging
 + Level 8.2 Stealth
 + Level 10.5 Shields
 + Level 8.2 Unarmed Combat
 + Level 8.2 Spellcasting
 + Level 6.8 Conjurations
 + Level 6.8 Hexes
 + Level 6.8 Summonings
 + Level 6.8 Necromancy
 + Level 6.8 Translocations
 + Level 6.8 Transmutations
 + Level 6.8 Fire Magic
 + Level 6.8 Ice Magic
 + Level 6.8 Air Magic
 + Level 6.8 Earth Magic
 + Level 6.8 Poison Magic
 + Level 9.0 Invocations
 + Level 8.2 Evocations


You had 28 spell levels left.
You didn't know any spells.
Your spell library contained the following spells:

 Spells                   Type           Power      Damage    Failure   Level
 Blink                    Tloc           32%        N/A       54%         2
 Manifold Assault         Tloc           16%        N/A       99%         4
 Summon Lightning Spire   Summ/Air       16%        N/A       99%         4
 Storm Form               Tmut/Air       8%         N/A       100%        7
 Maxwell's Capacitive Co  Air            8%         ∞         100%        8


Dungeon Overview and Level Annotations

Branches:
Dungeon (11/15)            Temple (1/1) D:7            Lair (0/5) D:11
    Orc (0/2) D:9           Sewer (visited)

Altars:
Ashenzari
Cheibriados
Dithmenos
Elyvilon
Fedhas
Gozag
Hepliaklqana
Kikubaaqudgha
Makhleb
Nemelex Xobeh
Okawaru
Qazlal
Ru
Sif Muna
Trog
Uskayaw
Vehumet
Wu Jian
Xom
Yredelemnul
Zin
The Shining One

Shops:
D:4 [   D:5 *   D:9 ?

Annotations:
D:4 1 runed translucent door, Crazy Yiuf
D:11 3 runed translucent doors, Figarinn's ghost, journeyman OpWn; Snorg


Innate Abilities, Weirdness & Mutations

You have very sharp teeth.
Your uncanny sense of smell can sniff out nearby items.
Your experience applies equally to all skills.
Your natural rate of healing is unusually fast.
You expend magic power (3 MP) to strengthen your wands.


Message History

Snorg barely misses you.
You slash Snorg! You burn Snorg. Your bite misses Snorg.
Snorg is severely wounded.
Snorg bites you but does no damage. Snorg claws you but does no damage. x2
You hit Snorg.
Snorg looks as sick as possible!
You bite Snorg.
Snorg is severely wounded.
Snorg bites you! Snorg claws you but does no damage. Snorg claws you!
You block Snorg's attack. Snorg claws you but does no damage. x2
You are too injured to fight recklessly!
You are too injured to fight recklessly!
You are too injured to fight recklessly!
You are too injured to fight recklessly!
You are too injured to fight recklessly!
You are too injured to fight recklessly!
You are too injured to fight recklessly!
You are too injured to fight recklessly!
You are too injured to fight recklessly!
You are too injured to fight recklessly!
You are too injured to fight recklessly!
It was a potion of ambrosia.
You are confused.
You feel invigorated. Snorg bites you but does no damage.
Snorg barely misses you. Snorg claws you but does no damage. Snorg bites you!
* * * LOW HITPOINT WARNING * * *
Snorg claws you but does no damage. Snorg claws you.
* * * LOW HITPOINT WARNING * * *
You feel very mighty all of a sudden. Snorg bites you.
* * * LOW HITPOINT WARNING * * *
Snorg barely misses you. Snorg claws you!
* * * LOW HITPOINT WARNING * * *
Okay, then.
Okay, then.
You bump into the rock wall.
Snorg bites you but does no damage.
Snorg claws you but does no damage. x2; Snorg bites you!
* * * LOW HITPOINT WARNING * * *
Snorg claws you but does no damage. x2
Snorg bites you!
You die...
Your body crumbles into a pile of gold.

...+._8.∩#.........#
#..+$$$.8#.........#
#..#Cc,$,######....#
#..##,8∩**,,,,#....#
+...####*,,,,,#....#
#......#,,,,,,#....#
.......#,,,,,,#....#
.......#,,,,,,#....#
.......#,,,,,,#.@..#
.......#+######$T..#
...................#
...................#
...................#
#####+#............#
#,,,,,#........#####
#,,,,,#........#
#,,,,,#.#####..#


You could see Snorg (berserk, very poisoned).

Vanquished Creatures
  Gastronok (D:10)
  A hydra (D:10)
  A catoblepas (D:11)
  A death knight (D:10)
  4 two-headed ogres
  2 boulder beetles
  An orc knight (D:11)
  A deep elf pyromancer (D:10)
  An ugly thing (D:10)
  2 manticores (D:10)
  A gargoyle (D:11)
  2 unseen horrors (D:10)
  A rime drake (D:10)
  A troll (D:10)
  2 polar bears (D:10)
  2 hornets
  A queen bee (D:11)
  A centaur simulacrum (D:11)
  A shadow (D:10)
  31 yaks
  2 wyverns (D:7)
  2 steam dragons (D:7)
  2 water moccasins
  3 acid dragons
  A sky beast (D:6)
  10 orc warriors
  5 ice beasts
  6 ogres
  2 wolves (D:10)
  4 centaurs
  3 kobold brigands (D:9)
  7 bullfrogs
  2 necrophages
  3 gnoll sergeants
  3 scorpions
  3 wights (D:7)
  35 killer bees
  4 howler monkeys
  4 hounds
  8 orc priests
  A gnoll bouda (D:6)
  4 iguanas
  2 jellies
  Ijyb (D:4)
  18 orc wizards
  12 adders
  14 gnolls
  5 river rats (Sewer)
  A shadow imp (D:5)
  2 white imps
  An ufetubus (D:5)
  3 worms
  A dart slug (D:1)
  60 orcs
  23 ball pythons
  6 endoplasms
  4 giant cockroaches
  15 goblins
  9 hobgoblins
  3 jackals (D:4)
  3 quokkas
  5 bats
  5 frilled lizards
  6 kobolds
  37 rats
408 creatures vanquished.

Vanquished Creatures (others)
  A troll (D:9)
  An orc (D:9)
  12 plants (D:11)
14 creatures vanquished.

Grand Total: 422 creatures vanquished

Notes
Turn   | Place    | Note
-------+----------+-------------------------------------------
     0 | D:1      | retardedninja the Gnoll Fighter began the quest for the
                  | Orb.
     0 | D:1      | Reached XP level 1. HP: 23/23 MP: 1/1
    55 | D:1      | Reached XP level 2. HP: 29/29 MP: 2/2
   151 | D:1      | Found a faded altar of an unknown god.
   361 | D:1      | Reached XP level 3. HP: 35/35 MP: 3/3
   632 | D:1      | Reached skill level 1 in Invocations
   784 | D:2      | Reached skill level 1 in Short Blades
   784 | D:2      | Reached skill level 1 in Long Blades
   784 | D:2      | Reached skill level 1 in Maces & Flails
   784 | D:2      | Reached skill level 1 in Polearms
   784 | D:2      | Reached skill level 1 in Staves
   784 | D:2      | Reached skill level 1 in Ranged Weapons
   784 | D:2      | Reached skill level 1 in Throwing
   784 | D:2      | Reached skill level 1 in Dodging
   784 | D:2      | Reached skill level 1 in Stealth
   784 | D:2      | Reached skill level 1 in Unarmed Combat
   784 | D:2      | Reached skill level 1 in Spellcasting
   784 | D:2      | Reached skill level 1 in Evocations
  1200 | D:2      | Reached XP level 4. HP: 39/41 MP: 5/5
  1263 | D:2      | Reached skill level 1 in Conjurations
  1263 | D:2      | Reached skill level 1 in Hexes
  1263 | D:2      | Reached skill level 1 in Summonings
  1263 | D:2      | Reached skill level 1 in Necromancy
  1263 | D:2      | Reached skill level 1 in Translocations
  1263 | D:2      | Reached skill level 1 in Transmutations
  1263 | D:2      | Reached skill level 1 in Fire Magic
  1263 | D:2      | Reached skill level 1 in Ice Magic
  1263 | D:2      | Reached skill level 1 in Air Magic
  1263 | D:2      | Reached skill level 1 in Earth Magic
  1263 | D:2      | Reached skill level 1 in Poison Magic
  1314 | D:2      | Noticed a gnoll sergeant
  1316 | D:2      | Found the +5 woodcutter's axe
  1324 | D:2      | Killed a gnoll sergeant
  1325 | D:2      | Reached XP level 5. HP: 30/47 MP: 5/7
  2556 | D:3      | Found a glowing drain.
  2605 | Sewer    | Entered a sewer
  2641 | Sewer    | Reached XP level 6. HP: 42/53 MP: 8/8
  2723 | Sewer    | Reached skill level 5 in Axes
  2993 | Sewer    | Gained mutation: You expend magic power (3 MP) to
                  | strengthen your wands. [potion of mutation]
  2993 | Sewer    | Gained mutation: Your natural rate of healing is unusually
                  | fast. [potion of mutation]
  3010 | Sewer    | Reached XP level 7. HP: 41/60 MP: 10/10
  3104 | D:3      | Identified a scroll of acquirement
  3104 | D:3      | Acquired the ring of the Leaf {Fly rPois rC+++ Dex-3 SInv}
  3851 | D:4      | Found Seseaquc's Armour Emporium.
  3865 | D:4      | Found a glowing golden altar of the Shining One.
  3866 | D:4      | Found a sacrificial altar of Ru.
  4366 | D:4      | Noticed Ijyb
  4387 | D:4      | Killed Ijyb
  4535 | D:4      | Found a runed translucent door.
  4536 | D:4      | Noticed Crazy Yiuf
  4825 | D:5      | Entered Level 5 of the Dungeon
  4930 | D:5      | Reached XP level 8. HP: 37/67 MP: 12/12
  5146 | D:5      | Found Fituhioh's Overcharged Wands.
  5171 | D:5      | Noticed a yak
  5181 | D:5      | Noticed a yak
  5182 | D:5      | Killed a yak
  5182 | D:5      | Noticed a yak
  5189 | D:5      | Killed a yak
  5191 | D:5      | Killed a yak
  5691 | D:6      | Reached XP level 9. HP: 58/73 MP: 14/14
  6449 | D:7      | Noticed a hornet
  6456 | D:7      | Reached skill level 5 in Invocations
  6460 | D:7      | Killed a hornet
  6817 | D:7      | Reached skill level 5 in Short Blades
  6817 | D:7      | Reached skill level 5 in Long Blades
  6817 | D:7      | Reached skill level 5 in Maces & Flails
  6817 | D:7      | Reached skill level 5 in Polearms
  6817 | D:7      | Reached skill level 5 in Staves
  6817 | D:7      | Reached skill level 5 in Ranged Weapons
  6817 | D:7      | Reached skill level 5 in Throwing
  6817 | D:7      | Reached skill level 5 in Dodging
  6817 | D:7      | Reached skill level 5 in Stealth
  6817 | D:7      | Reached skill level 5 in Unarmed Combat
  6817 | D:7      | Reached skill level 5 in Spellcasting
  6817 | D:7      | Reached skill level 5 in Evocations
  6817 | D:7      | Reached XP level 10. HP: 69/81 MP: 17/17
  6914 | D:7      | Found a staircase to the Ecumenical Temple.
  6930 | Temple   | Entered the Ecumenical Temple
  6985 | Temple   | Became a worshipper of Gozag Ym Sagoz the Greedy
  7130 | D:7      | Identified the +0 falchion "Emiugiff" {heavy, Will++ rCorr
                  | Int-5 SInv}
  7361 | D:8      | Found an ornate altar of the Wu Jian Council.
  7888 | D:8      | You are sucked into a shaft and drop 3 floors!
  7897 | D:11     | Noticed a boulder beetle
  7905 | D:11     | Noticed an unseen horror
  7911 | D:10     | Entered Level 10 of the Dungeon
  8230 | D:8      | Found a broken altar of Ashenzari.
  8397 | D:9      | Found Myxzi's Magic Scroll Emporium.
  8463 | D:9      | Reached skill level 5 in Conjurations
  8463 | D:9      | Reached skill level 5 in Hexes
  8463 | D:9      | Reached skill level 5 in Summonings
  8463 | D:9      | Reached skill level 5 in Necromancy
  8463 | D:9      | Reached skill level 5 in Translocations
  8463 | D:9      | Reached skill level 5 in Transmutations
  8463 | D:9      | Reached skill level 5 in Fire Magic
  8463 | D:9      | Reached skill level 5 in Ice Magic
  8463 | D:9      | Reached skill level 5 in Air Magic
  8463 | D:9      | Reached skill level 5 in Earth Magic
  8463 | D:9      | Reached skill level 5 in Poison Magic
  8467 | D:9      | Reached XP level 11. HP: 89/89 MP: 18/20
  8530 | D:9      | Noticed a two-headed ogre
  8543 | D:9      | Killed a two-headed ogre
  8951 | D:9      | Found a staircase to the Orcish Mines.
  9225 | D:10     | Noticed Gastronok
  9250 | D:10     | Killed Gastronok
  9373 | D:10     | Found a shadowy altar of Dithmenos.
  9770 | D:11     | Noticed a two-headed ogre
  9771 | D:11     | Noticed a seven-headed hydra
  9868 | D:10     | Killed a boulder beetle
 10195 | D:11     | Noticed a brown ugly thing
 10220 | D:11     | Noticed a manticore
 10229 | D:10     | Killed a brown ugly thing
 10230 | D:10     | Reached XP level 12. HP: 97/97 MP: 22/22
 10239 | D:10     | Killed a 17-headed hydra
 10406 | D:10     | Killed a two-headed ogre
 10611 | D:11     | Noticed a two-headed ogre
 10630 | D:10     | Killed a two-headed ogre
 10634 | D:10     | Reached skill level 10 in Fighting
 10634 | D:10     | Reached skill level 10 in Armour
 10634 | D:10     | Reached skill level 10 in Shields
 10817 | D:11     | Noticed a death knight
 11324 | D:10     | Killed a death knight
 11899 | D:11     | Found a staircase to the Lair.
 11915 | D:11     | Noticed a catoblepas
 12009 | D:11     | Killed a catoblepas
 12089 | D:11     | Found a runed translucent gate.
 12090 | D:11     | Found a runed translucent gate.
 12090 | D:11     | Found an opulent altar of Gozag.
 12091 | D:11     | Found a runed translucent gate.
 12092 | D:11     | Noticed Figarinn's ghost (journeyman OpWn)
 12092 | D:11     | Noticed an eight-headed hydra
 12094 | D:11     | Noticed a centaur warrior
 12158 | D:11     | Noticed a two-headed ogre
 12171 | D:11     | Killed a two-headed ogre
 12235 | D:11     | Noticed a boulder beetle
 12278 | D:11     | Killed a boulder beetle
 12608 | D:11     | Reached XP level 13. HP: 75/104 MP: 25/25
 12740 | D:11     | Noticed Snorg
 12759 | D:11     | Slain by Snorg

Illustrated notes

Levels and vault maps discovered:
D:1:      minmay_arrival_radiant_lines, layout_loops_cross,
          hellmonk_ecumenical_altar_prayer_group, st_stairs_6
D:2:      layout_basic, minmay_fountain_box, pf_guarded_unrand_woodcutter
D:3:      layout_rooms, gup_sewer_entry_glass
D:4:      kennysheep_goblin_castle, layout_basic,
          gammafunk_temple_overflow_statue, serial_shops, kennysheep_mini,
          uniq_crazy_yiuf_cottage
D:5:      layout_basic, serial_park_tiny_2, nicolae_shop_overcharged_wands
D:6:      layout_rooms
D:7:      layout_rooms, minmay_temple_entry_mini_moons
D:8:      lemuel_ice_spiral_2, layout_basic, nicolae_wu_jian_wuxing_cycle,
          mainiacjoe_overflow_alcove_4
D:9:      layout_roguey, kennysheep_orc_monster_closet_entryway, serial_shops,
          nicolae_shop_waterfront, chequers_serial_rivers_micro_b,
          kennysheep_big_empty_room, fountainhead
D:10:     layout_basic, mainiacjoe_overflow_tiny_flanked, uniq_gastronok
D:11:     regret_index_wax_grids, layout_irregular_city,
          hellmonk_lair_entry_icy, ebering_ghost_gozag, uniq_snorg
Temple:   bh_familiar_temple

Skill      XL: |  1  2  3  4  5  6  7  8  9 10 11 12 13 |
---------------+----------------------------------------+-----
Invocations    | 1 2 3 4 5 6 7 8 9 |  9.0
Short Blades   | 1 2 3 5 6 7 8 |  8.2
Long Blades    | 1 2 3 5 6 7 8 |  8.2
Maces & Flails | 1 2 3 5 6 7 8 |  8.2
Polearms       | 1 2 3 5 6 7 8 |  8.2
Staves         | 1 2 3 5 6 7 8 |  8.2
Ranged Weapons | 1 2 3 5 6 7 8 |  8.2
Throwing       | 1 2 3 5 6 7 8 |  8.2
Dodging        | 1 2 3 5 6 7 8 |  8.2
Stealth        | 1 2 3 5 6 7 8 |  8.2
Unarmed Combat | 1 2 3 5 6 7 8 |  8.2
Spellcasting   | 1 2 3 5 6 7 8 |  8.2
Evocations     | 1 2 3 5 6 7 8 |  8.2
Conjurations   | 1 2 3 4 5 6 |  6.8
Hexes          | 1 2 3 4 5 6 |  6.8
Summonings     | 1 2 3 4 5 6 |  6.8
Necromancy     | 1 2 3 4 5 6 |  6.8
Translocations | 1 2 3 4 5 6 |  6.8
Transmutations | 1 2 3 4 5 6 |  6.8
Fire Magic     | 1 2 3 4 5 6 |  6.8
Ice Magic      | 1 2 3 4 5 6 |  6.8
Air Magic      | 1 2 3 4 5 6 |  6.8
Earth Magic    | 1 2 3 4 5 6 |  6.8
Poison Magic   | 1 2 3 4 5 6 |  6.8
Axes           | 5 6 7 8 9 |  9.4
Fighting       | 7 8 9 10 | 10.5
Armour         | 7 8 9 10 | 10.5
Shields        | 7 8 9 10 | 10.5

Action                     |  1- 3 |  4- 6 |  7- 9 | 10-12 | 13-15 || total
---------------------------+-------+-------+-------+-------+-------++-------
  Melee: War axe           |    97 |   212 |   349 |   773 |    41 ||  1472
         Bite              |    13 |    20 |    41 |    99 |     5 ||   178
 Invoke: Potion Petition   |       |       |       |     4 |       ||     4
  Evoke: Wand              |       |       |       |     2 |       ||     2
    Use: Potion            |       |     5 |     8 |    15 |     2 ||    30
         Scroll            |       |       |    14 |    13 |       ||    27
   Stab: Distracted        |       |       |       |     5 |       ||     5
         Invisible         |       |       |       |    10 |       ||    10
         Paralysed         |       |       |       |       |     1 ||     1
 Armour: Scale mail        |    46 |   165 |   119 |       |       ||   330
         Chain mail        |       |       |   104 |   242 |       ||   346
         Plate armour      |       |       |       |   685 |    47 ||   732
  Dodge: Dodged            |    48 |   114 |   170 |   377 |    20 ||   729
  Block: Buckler           |    26 |       |       |       |       ||    26
         Kite shield       |       |   161 |   223 |   633 |    35 ||  1052

Table legend: (Time is in decaauts)
 A = Elapsed time spent in this place.
 B = Non-inter-level travel time spent in this place.
 C = Inter-level travel time spent in this place.
 D = Time resting spent in this place.
 E = Time spent auto-exploring this place.
 F = Levels seen in this place.
 G = Mean time per level.
                   A        B        C        D        E       F      G
               +--------+--------+--------+--------+--------+-----+--------+
         Total |  13233 |  12937 |    296 |   2995 |   6308 |  13 | 1017.9 |
       Dungeon |  12514 |  12237 |    277 |   2995 |   5925 |  11 | 1137.6 |
        Temple |    195 |    176 |     19 |      0 |    164 |   1 |  195.0 |
         Sewer |    524 |    524 |      0 |      0 |    219 |   1 |  524.0 |
               +--------+--------+--------+--------+--------+-----+--------+

Top non-repeatable levels by time:
    D:10: 2814 daAuts
     D:2: 1526 daAuts
     D:4: 1520 daAuts
    D:11: 1107 daAuts
     D:5: 920 daAuts
     D:9: 866 daAuts
     D:8: 863 daAuts
     D:6: 746 daAuts
     D:1: 731 daAuts
     D:3: 717 daAuts
     D:7: 700 daAuts
   Sewer: 524 daAuts
  Temple: 195 daAuts
